AoeStats
← SPLINTER

Hideout

509485597Analyzed
1v1 RM · 6d ago on Sep 26, 2026· 49m 34s· 2 players
Game mode
Random Map
Map size
Tiny (2 player)
Population
200
Speed
Normal
Resources
Standard
Victory
Conquest
Starting age
Dark Age
Ending age
Imperial Age
RankedLock teamsTeams togetherTeam positionsShared explorationLock speedFull tech treeHidden civsTurbo modeCheats
Victory
Defeat
🇧🇬 Teutons · Bulgaria
1512
+16
🇨🇷 Inca · Costa Rica
1521
-16
SPLINTER
7:06 Loom
10:48 Feudal Age
12:35 Loom
14:51 Castle Age
13:51 Bloodlines
15:07 Scale Barding Armor
16:03 Loom
17:27 Double-Bit Axe
18:34 Horse Collar
21:03 Bow Saw
21:44 Town Watch
23:15 Heavy Plow
25:03 Wheelbarrow
25:25 Scale Mail Armor
26:22 Town Patrol
26:37 Hand Cart
29:53 Squires
29:39 Arson
29:55 Scale Mail Armor
30:05 Forging
31:26 Chain Mail Armor
32:29 Chain Barding Armor
33:08 Iron Casting
35:54 Imperial Age
33:40 Gold Mining
33:41 Stone Mining
37:12 Plate Barding Armor
37:00 Conscription
36:03 Cavalier
39:23 Blast Furnace
38:36 Guilds
39:05 Crop Rotation
39:38 Two-Man Saw
39:40 Fletching
40:53 Bodkin Arrow
41:29 Plate Mail Armor
41:25 Crenellations
42:54 Chemistry
42:15 Ballistics
42:04 Siege Engineers
42:09 Masonry
43:17 Padded Archer Armor
44:21 Hoardings
44:36 Leather Archer Armor
45:04 Paladin
46:26 Ring Archer Armor
45:41 Elite Teutonic Knight
SaintJustice
9:47 Feudal Age
9:48 Champi Runner
10:19 Double-Bit Axe
10:15 Horse Collar
11:50 Forging
13:05 Arson
19:58 Castle Age
18:15 Scale Mail Armor
20:54 Chain Mail Armor
20:03 Pikeman
20:44 Squires
21:21 Iron Casting
24:47 Heavy Plow
24:58 Bow Saw
28:56 Fletching
29:07 Padded Archer Armor
29:31 Bodkin Arrow
32:59 Ballistics
33:01 Loom
34:45 Wheelbarrow
37:14 Imperial Age
35:31 Caravan
35:35 Gold Mining
35:36 Stone Mining
37:03 Elite Skirmisher
38:01 Halberdier
39:13 Plate Mail Armor
41:07 Conscription
42:40 Capped Ram
Connection lost

Rejoining the realm…

Still unreachable

The connection could not be restored.

Session expired

The server has moved on; the page needs a fresh start.